 Dungeon Crawl Stone Soup version 0.18-a0-1468-gaf180a1 (webtiles) character file.

183 PierrePorte the Grasshopper (level 5, 0/46 HPs)
             Began as a Centaur Warper on Mar 1, 2016.
             Slain by a gnoll shaman
             ... wielding a +0 club
              (2 damage)
             ... on level 3 of the Dungeon.
             The game lasted 00:20:36 (3334 turns).

PierrePorte the Grasshopper (Centaur Warper)        Turns: 3334, Time: 00:20:37

Health: 0/46       AC:  7    Str: 14    XL:     5   Next: 35%
Magic:  7/7        EV:  8    Int: 12    God:
Gold:   87         SH:  0    Dex:  9    Spells: 2 memorised, 4 levels left

rFire  + . .     SeeInvis .     a - +0 spear
rCold  + . .     Gourm    .     v - +2 ring mail {rF+}
rNeg   . . .     Faith    .     (no shield)
rPois  .         Spirit   .     (no helmet)
rElec  .         Dismiss  .     (no cloak)
rCorr  .         Reflect  .     (no gloves)
SustAt .         Harm     .     (no barding)
MR     .....                    (no amulet)
Stlth  ..........               (no ring)
                                F - ring of protection from cold

@: very quick, not resistant to hostile enchantments, extremely unstealthy
A: hooves 3, deformed body, speed 2, tough skin 3
a: no special abilities


You were on level 3 of the Dungeon.
You were hungry.

You visited 2 branches of the dungeon, and saw 5 of its levels.

You collected 87 gold pieces.

Inventory:

Hand Weapons
 a - a +0 spear (weapon)
Missiles
 e - 5 tomahawks of dispersal
 h - 84 stones
 i - 3 steel javelins
 p - 13 tomahawks (quivered)
 s - 25 arrows
 y - 13 sling bullets
 z - 40 poisoned needles
 D - 6 curare-tipped needles
Armour
 b - a +0 leather armour
 v - a +2 ring mail of fire resistance (worn)
Jewellery
 F - a ring of protection from cold (left hand)
Scrolls
 d - 4 scrolls of blinking
 l - 2 scrolls of recharging {unknown}
 m - 2 scrolls of remove curse
 o - a scroll of enchant armour
 r - 2 scrolls of identify
 t - a scroll of random uselessness {unknown}
 u - a scroll of teleportation {unknown}
 w - a scroll of enchant weapon {unknown}
Potions
 g - a potion of brilliance {unknown}
 j - a potion of flight {unknown}
 k - a potion of curing {unknown}
 x - a potion of might {unknown}
 B - a potion of mutation {unknown}
 C - a potion of haste {unknown}
 G - a potion of magic {unknown}
Books
 c - a book of Spatial Translocations

   Spells                             Type                      Level
   a - Apportation                    Translocation                1
   b - Blink                          Translocation                2
   c - Shroud of Golubria             Charms/Translocation         2
   d - Portal Projectile              Translocation                3
   e - Teleport Other                 Translocation                3
   f - Passage of Golubria            Translocation                4
Comestibles
 f - 3 bread rations
 A - a meat ration
 E - 6 fruits


   Skills:
 + Level 4.1 Fighting
 - Level 1.7 Polearms
 - Level 1.1 Throwing
 - Level 0.6 Armour
 - Level 1.3 Dodging
 - Level 1.5 Spellcasting
 + Level 4.3 Translocations


You had 4 spell levels left.
You knew the following spells:

 Your Spells              Type           Power        Failure   Level  Hunger
a - Apportation           Tloc           ##........   12%         1    ##.....
b - Blink                 Tloc           N/A          17%         2    ###....


Dungeon Overview and Level Annotations

Branches:
Dungeon (4/15)             Temple (1/1) D:4

Altars:
Ashenzari
Cheibriados
Dithmenos
Elyvilon
Fedhas
Gozag
Kikubaaqudgha
Makhleb
Nemelex Xobeh
Pakellas
Qazlal
Ru
Sif Muna
Vehumet
Yredelemnul
Zin


Innate Abilities, Weirdness & Mutations

You have hooves in place of feet.
Armour fits poorly on your strangely shaped body.
You cover ground very quickly.
You have extremely tough skin (AC +3).


Message History

* * * LOW HITPOINT WARNING * * *
You hit the gnoll shaman but do no damage.
The gnoll shaman is heavily wounded.
The gnoll shaman barely misses you.
You completely miss the gnoll shaman.
You kick the gnoll shaman, but do no damage.
The gnoll shaman is heavily wounded.
The gnoll shaman hits you but does no damage.
You barely miss the gnoll shaman.
You kick the gnoll shaman, but do no damage.
The gnoll shaman is heavily wounded.
The gnoll shaman hits you but does no damage.
You hit the gnoll shaman. Your kick misses the gnoll shaman.
The gnoll shaman is heavily wounded.
The gnoll shaman barely misses you.
You hit the gnoll shaman but do no damage.
You kick the gnoll shaman, but do no damage.
The gnoll shaman is heavily wounded.
The gnoll shaman hits you with a club.
You die...

..............#.##.####..# #..
..............#..#.......######.(
..............##.###.............
..............##).........#####..
####..........##.###......# #..
####....########..##......# #..
#.......# #..#####...# #..
#.......# #g.# #...# ###
#.......# #@.# #...# #.......#
#..#####...# #.......#
#..........#######
#.......#########.######..#......
..........................#.##...
##################.####.....##...
# #..# #.....##... #
#######.###.....##... #
#.......)##.....##...


You could see a gnoll shaman.

Vanquished Creatures
  2 orc wizards
  4 gnolls
  An adder (D:3)
  An ooze (D:2)
  2 worms
  2 dart slugs
  8 orcs
  6 bats
  2 giant cockroaches (D:1)
  3 goblins
  7 hobgoblins
  3 jackals (D:3)
  6 kobolds
  A quokka (D:3)
  6 giant newts (D:1)
  9 rats
63 creatures vanquished.

Notes
Turn   | Place    | Note
--------------------------------------------------------------
     0 | D:1      | PierrePorte the Centaur Warper began the quest for the Orb.
     0 | D:1      | Reached XP level 1. HP: 17/17 MP: 3/3
   192 | D:1      | Reached XP level 2. HP: 23/25 MP: 4/4
   666 | D:1      | Learned a level 2 spell: Blink
   759 | D:2      | Reached XP level 3. HP: 30/30 MP: 5/5
   980 | D:2      | Found a blossoming altar of Fedhas.
  1689 | D:2      | Reached XP level 4. HP: 26/38 MP: 6/6
  2119 | D:3      | Found a stormy altar of Qazlal.
  2119 | D:3      | Found a white marble altar of Elyvilon.
  2120 | D:3      | Found a sparkling altar of Nemelex Xobeh.
  2505 | D:3      | Reached XP level 5. HP: 46/46 MP: 7/7
  2562 | D:4      | Found a staircase to the Ecumenical Temple.
  2583 | Temple   | Entered the Ecumenical Temple
  3329 | D:3      | HP: 1/46 [gnoll shaman/club (2)]
  3334 | D:3      | Slain by a gnoll shaman

Vault maps used:
D:1:      onia_arrival_mini_spirals
D:2:      lemuel_coloured_pillars_altar
D:3:      gammafunk_temple_overflow_forgotten, first_bread
D:4:      temple_pool_a, serial_shops, kennysheep_mini, kennysheep_small_square
Temple:   zaba_magenta_temple_12

Skill      XL: |  1  2  3  4  5 |
---------------+----------------+-----
Translocations | 3 4 |  4.3
Fighting       | 3 4 |  4.1
Polearms       | |  1.7
Throwing       | |  1.1
Armour         | |  0.6
Dodging        | |  1.3
Spellcasting   | |  1.5

Action                   |  1- 3 |  4- 6 || total
-------------------------+-------+-------++-------
Melee: Spear             |   177 |   244 ||   421
Throw: Stone             |     4 |       ||     4
       Tomahawk          |     4 |       ||     4
  Use: Scroll            |     3 |       ||     3
       Potion            |     1 |     1 ||     2
  Eat: Chunk             |     1 |     5 ||     6
